SA
HOGSMEADE CAULDRONS @ VALLEY BLUE SOX
07/28/2032
 
TOP OF THE 1ST
Hogsmeade Cauldrons batting - Pitching for Valley Blue Sox : RHP Jeff Merritt
Pitching: RHP Jeff Merritt
Batting: RHB Panas Pletnev 0-0: Fly out, F8 (Line Drive, 8LD)
Batting: RHB Conor Gallon 0-0: Swinging Strike
0-1: Foul Ball, location: 2F
0-2: Strikes out swinging
Batting: LHB Jin-yong Myung 0-0: Ball
1-0: Called Strike
1-1: Fly out, F8 (Flyball, 8RM)
Top of the 1st over - 0 runs, 0 hits, 0 errors, 0 left on base; Hogsmeade 0 - Valley 0
BOTTOM OF THE 1ST
Valley Blue Sox batting - Pitching for Hogsmeade Cauldrons : RHP Geunhye Kyoung
Pitching: RHP Geunhye Kyoung
Batting: RHB Cisco Beltrán 0-0: Fly out, F8 (Flyball, 8RD)
Batting: RHB Roy Burns 0-0: Ball
1-0: Called Strike
1-1: Ball
2-1: Ball
3-1: Ground out 6-3 (Groundball, 56)
Batting: LHB Henry Madore 0-0: Foul Ball, location: 2F
0-1: Foul Ball, location: 2F
0-2: SINGLE (Groundball, 3D)
Batting: RHB Mark Lizárraga 0-0: Ball
1-0: Foul Ball, location: 2F
1-1: Foul Ball, location: 2F
1-2: Strikes out swinging
Bottom of the 1st over - 0 runs, 1 hit, 0 errors, 1 left on base; Hogsmeade 0 - Valley 0
TOP OF THE 2ND
Hogsmeade Cauldrons batting - Pitching for Valley Blue Sox : RHP Jeff Merritt
Batting: LHB Bartolo Trejo 0-0: Ground out 4-3 (Groundball, 4)
Batting: RHB Graeme Dormer 0-0: Ball
1-0: Called Strike
1-1: Ball
2-1: Ground out 5-3 (Groundball, 5)
Batting: RHB Jean Couturier 0-0: Called Strike
0-1: Ball
1-1: Foul Ball, location: 2F
1-2: Fly out, F7 (Flyball, 7S)
Top of the 2nd over - 0 runs, 0 hits, 0 errors, 0 left on base; Hogsmeade 0 - Valley 0
BOTTOM OF THE 2ND
Valley Blue Sox batting - Pitching for Hogsmeade Cauldrons : RHP Geunhye Kyoung
Batting: RHB Bartolo Hernández 0-0: Called Strike
0-1: Ball
1-1: Ball
2-1: Swinging Strike
2-2: Strikes out swinging
Batting: RHB Tomás Cameros 0-0: Ball
1-0: Ground out 5-3 (Groundball, 56)
Batting: RHB Dallas Jiménez 0-0: Foul Ball, location: 2F
0-1: Swinging Strike
0-2: Ball
1-2: Strikes out swinging
Bottom of the 2nd over - 0 runs, 0 hits, 0 errors, 0 left on base; Hogsmeade 0 - Valley 0
TOP OF THE 3RD
Hogsmeade Cauldrons batting - Pitching for Valley Blue Sox : RHP Jeff Merritt
Batting: RHB Jung-min Ch'oe 0-0: Ball
1-0: Ball
2-0: Foul Ball, location: 2F
2-1: Foul Ball, location: 2F
2-2: Strikes out swinging
Batting: RHB Diederick Tuiters 0-0: Called Strike
0-1: Called Strike
0-2: Strikes out looking
Batting: RHB Andrés Canó 0-0: Called Strike
0-1: Ball
1-1: Swinging Strike
1-2: Strikes out swinging
Top of the 3rd over - 0 runs, 0 hits, 0 errors, 0 left on base; Hogsmeade 0 - Valley 0
BOTTOM OF THE 3RD
Valley Blue Sox batting - Pitching for Hogsmeade Cauldrons : RHP Geunhye Kyoung
Batting: RHB Melvin Daniels 0-0: Ball
1-0: Ground out 4-3 (Groundball, 4)
Batting: RHB Marvin Overbeek 0-0: Called Strike
0-1: Ball
1-1: Ground out 5-3 (Groundball, 56)
Batting: RHB Cisco Beltrán 0-0: Called Strike
0-1: Called Strike
0-2: Strikes out looking
Bottom of the 3rd over - 0 runs, 0 hits, 0 errors, 0 left on base; Hogsmeade 0 - Valley 0
TOP OF THE 4TH
Hogsmeade Cauldrons batting - Pitching for Valley Blue Sox : RHP Jeff Merritt
Batting: RHB Panas Pletnev 0-0: Called Strike
0-1: Foul Ball, location: 2F
0-2: Ball
1-2: Foul Ball, location: 2F
1-2: SINGLE (Groundball, 56D)
Batting: RHB Conor Gallon 0-0: Called Strike
0-1: 2-RUN HOME RUN (Flyball, 78XD), Distance : 392 ft
Batting: LHB Jin-yong Myung 0-0: Ball
1-0: Foul Ball, location: 2F
1-1: Foul Ball, location: 2F
1-2: Fly out, F4 (Line Drive, 4M)
Batting: LHB Bartolo Trejo 0-0: Foul Ball, location: 2F
0-1: Foul Ball, location: 2F
0-2: Strikes out swinging
Batting: RHB Graeme Dormer 0-0: Swinging Strike
0-1: Swinging Strike
0-2: Ball
1-2: Ball
2-2: Foul Ball, location: 2F
2-2: Ball
3-2: Foul Ball, location: 2F
3-2: Strikes out swinging
Top of the 4th over - 2 runs, 2 hits, 0 errors, 0 left on base; Hogsmeade 2 - Valley 0
BOTTOM OF THE 4TH
Valley Blue Sox batting - Pitching for Hogsmeade Cauldrons : RHP Geunhye Kyoung
Batting: RHB Roy Burns 0-0: Ball
1-0: Called Strike
1-1: Foul Ball, location: 2F
1-2: Ball
2-2: Ball
3-2: SINGLE (Line Drive, 56)
Pitching: RHP Doug Schmidt
Batting: LHB Henry Madore 0-0: Called Strike
0-1: Ball
1-1: Foul Ball, location: 2F
1-2: Ground out U3 (Groundball, 34)
Roy Burns to second
Batting: RHB Mark Lizárraga 0-0: 2-RUN HOME RUN (Flyball, 8RXD), Distance : 426 ft
Batting: RHB Bartolo Hernández 0-0: Fly out, F8 (Flyball, 78M)
Batting: RHB Tomás Cameros 0-0: Fly out, F4 (Popup, 34S)
Bottom of the 4th over - 2 runs, 2 hits, 0 errors, 0 left on base; Hogsmeade 2 - Valley 2
TOP OF THE 5TH
Hogsmeade Cauldrons batting - Pitching for Valley Blue Sox : RHP Jeff Merritt
Batting: RHB Jean Couturier 0-0: Swinging Strike
0-1: Foul Ball, location: 2F
0-2: Ball
1-2: Strikes out swinging
Batting: RHB Jung-min Ch'oe 0-0: Ball
1-0: Ball
2-0: SINGLE (Flyball, 34D)
Batting: RHB Diederick Tuiters 0-0: Fielders Choice at 2nd, 6-4 (Groundball, 6M)
Batting: RHB Andrés Canó 0-0: Ball
1-0: Called Strike
1-1: Called Strike
1-2: Ball
Diederick Tuiters is caught stealing 2nd base
Top of the 5th over - 0 runs, 1 hit, 0 errors, 0 left on base; Hogsmeade 2 - Valley 2
BOTTOM OF THE 5TH
Valley Blue Sox batting - Pitching for Hogsmeade Cauldrons : RHP Doug Schmidt
Batting: RHB Dallas Jiménez 0-0: Ball
1-0: Swinging Strike
1-1: Ball
2-1: Foul Ball, location: 2F
2-2: Ball
3-2: Foul Ball, location: 2F
3-2: Base on Balls
Batting: RHB Melvin Daniels 0-0: Sac Bunt - play at first, batter OUT! 2-3
Dallas Jiménez to second
Batting: RHB Marvin Overbeek 0-0: Ball
1-0: Swinging Strike
1-1: Ball
2-1: Foul Ball, location: 2F
2-2: Fly out, F9 (Line Drive, 89D)
Runner from 2nd tags up, SAFE at 3rd, no throw
Batting: RHB Cisco Beltrán 0-0: Called Strike
0-1: Ball
1-1: Ball
2-1: Swinging Strike
2-2: Ground out 6-3 (Groundball, 6)
Bottom of the 5th over - 0 runs, 0 hits, 0 errors, 1 left on base; Hogsmeade 2 - Valley 2
TOP OF THE 6TH
Hogsmeade Cauldrons batting - Pitching for Valley Blue Sox : RHP Jeff Merritt
Batting: RHB Andrés Canó 0-0: Called Strike
0-1: Ball
1-1: Called Strike
1-2: Strikes out swinging
Batting: RHB Panas Pletnev 0-0: Ball
1-0: Ball
2-0: Ball
3-0: Called Strike
3-1: Called Strike
3-2: Fly out, F7 (Flyball, 7LM)
Batting: RHB Conor Gallon 0-0: Called Strike
0-1: Ball
1-1: Foul Ball, location: 2F
1-2: Strikes out swinging
Top of the 6th over - 0 runs, 0 hits, 0 errors, 0 left on base; Hogsmeade 2 - Valley 2
BOTTOM OF THE 6TH
Valley Blue Sox batting - Pitching for Hogsmeade Cauldrons : RHP Doug Schmidt
Batting: RHB Roy Burns 0-0: Called Strike
0-1: SINGLE (Line Drive, 6M)
Batting: LHB Henry Madore 0-0: Called Strike
0-1: Ball
1-1: Swinging Strike
1-2: Ball
2-2: Strikes out swinging
Batting: RHB Mark Lizárraga 0-0: Ball
1-0: Ball
2-0: Ball
3-0: Base on Balls
Roy Burns to second
Batting: RHB Bartolo Hernández 0-0: Ball
1-0: Foul Ball, location: 2F
1-1: DOUBLE (Line Drive, 8RD)
Roy Burns scores
Mark Lizárraga to third
Batting: RHB Tomás Cameros 0-0: Intentional Walk
Pitching: RHP David Aguilar
Batting: RHB Dallas Jiménez 0-0: Ball
1-0: Foul Ball, location: 2F
1-1: Ball
2-1: Ball
3-1: Foul Ball, location: 2F
3-2: SINGLE (Flyball, 7S)
Mark Lizárraga scores
Bartolo Hernández to third
Tomás Cameros to second
Batting: RHB Melvin Daniels 0-0: Called Strike
0-1: Ball
1-1: Grounds into double play, 3-2-3 (Groundball, 3)
Bottom of the 6th over - 2 runs, 3 hits, 0 errors, 2 left on base; Hogsmeade 2 - Valley 4
TOP OF THE 7TH
Hogsmeade Cauldrons batting - Pitching for Valley Blue Sox : RHP Jeff Merritt
Batting: LHB Jin-yong Myung 0-0: Ball
1-0: Swinging Strike
1-1: Ground out 4-3 (Groundball, 4M)
Batting: LHB Bartolo Trejo 0-0: Called Strike
0-1: Foul Ball, location: 2F
0-2: Ball
1-2: SINGLE (Flyball, 78M)
Batting: RHB Graeme Dormer 0-0: Ball
1-0: Ball
2-0: Foul Ball, location: 2F
2-1: Ball
3-1: Base on Balls
Bartolo Trejo to second
Batting: RHB Jean Couturier 0-0: Called Strike
0-1: DOUBLE (Flyball, 8RD)
Bartolo Trejo scores
Graeme Dormer to third
Batting: RHB Jung-min Ch'oe 0-0: Ground out 4-3 (Groundball, 4S)
Batting: RHB Diederick Tuiters 0-0: Called Strike
0-1: Ball
1-1: Ball
2-1: Swinging Strike
2-2: Fly out, F3 (Line Drive, 3)
Top of the 7th over - 1 run, 2 hits, 0 errors, 2 left on base; Hogsmeade 3 - Valley 4
BOTTOM OF THE 7TH
Valley Blue Sox batting - Pitching for Hogsmeade Cauldrons : RHP David Aguilar
Batting: RHB Marvin Overbeek 0-0: Ball
1-0: Ball
2-0: Ball
3-0: Called Strike
3-1: Fly out, F7 (Flyball, 7S)
Batting: RHB Cisco Beltrán 0-0: Ball
1-0: Ball
2-0: Called Strike
2-1: Foul Ball, location: 2F
2-2: Strikes out swinging
Batting: RHB Roy Burns 0-0: Called Strike
0-1: Foul Ball, location: 2F
0-2: SINGLE (Line Drive, 78M)
Batting: LHB Henry Madore 0-0: Ground out 1-3 (Groundball, 13S)
Bottom of the 7th over - 0 runs, 1 hit, 0 errors, 1 left on base; Hogsmeade 3 - Valley 4
TOP OF THE 8TH
Hogsmeade Cauldrons batting - Pitching for Valley Blue Sox : RHP Jeff Merritt
Now in RF: Mike Peoples
Batting: RHB Andrés Canó 0-0: Called Strike
0-1: Swinging Strike
0-2: Foul Ball, location: 2F
0-2: Strikes out swinging
Batting: RHB Panas Pletnev 0-0: Ground out 6-3 (Groundball, 6)
Batting: RHB Conor Gallon 0-0: Ball
1-0: Foul Ball, location: 2F
1-1: Ball
2-1: Foul Ball, location: 2F
2-2: Ball
3-2: Foul Ball, location: 2F
3-2: Strikes out swinging
Top of the 8th over - 0 runs, 0 hits, 0 errors, 0 left on base; Hogsmeade 3 - Valley 4
BOTTOM OF THE 8TH
Valley Blue Sox batting - Pitching for Hogsmeade Cauldrons : RHP David Aguilar
Batting: RHB Mark Lizárraga 0-0: Called Strike
0-1: Ball
1-1: Swinging Strike
1-2: Foul Ball, location: 2F
1-2: Ball
2-2: Ball
3-2: Fly out, F2 (Popup, 23F)
Batting: RHB Bartolo Hernández 0-0: Called Strike
0-1: Foul Ball, location: 2F
0-2: Foul Ball, location: 2F
0-2: Ground out 5-3 (Groundball, 56)
Batting: RHB Tomás Cameros 0-0: Ball
1-0: Ball
2-0: Called Strike
2-1: Called Strike
2-2: Ball
3-2: SINGLE (Groundball, 56D)
Batting: RHB Dallas Jiménez 0-0: Ball
1-0: Fly out, F8 (Flyball, 8LD)
Bottom of the 8th over - 0 runs, 1 hit, 0 errors, 1 left on base; Hogsmeade 3 - Valley 4
TOP OF THE 9TH
Hogsmeade Cauldrons batting - Pitching for Valley Blue Sox : RHP Jeff Merritt
Pitching: RHP Curt Wright
Batting: LHB Jin-yong Myung 0-0: SINGLE (Line Drive, 56D)
Batting: LHB Bartolo Trejo 0-0: Ball
1-0: Foul Ball, location: 2F
1-1: Ball
2-1: Called Strike
2-2: Strikes out swinging
Batting: RHB Graeme Dormer 0-0: SINGLE (Groundball, 56D)
Jin-yong Myung to second
Batting: RHB Jean Couturier 0-0: Ball
1-0: Called Strike
1-1: Ball
2-1: Swinging Strike
2-2: Ball
3-2: Strikes out swinging
Batting: RHB Jung-min Ch'oe 0-0: Called Strike
0-1: Called Strike
0-2: Ball
1-2: Ball
2-2: Ball
3-2: Strikes out swinging
Top of the 9th over - 0 runs, 2 hits, 0 errors, 2 left on base; Hogsmeade 3 - Valley 4
Wednesday, September 19th, 2018 - OOTP Baseball 18.8 Build 76